 Dungeon Crawl Stone Soup version 0.21-a0-476-gd103f4b (console) character file.

284 hexaflexagon the Cudgeler (level 6, -3/76 HPs)
             Began as a Formicid Monk on Nov 22, 2017.
             Was a Believer of Okawaru.
             Slain by Azzok's ghost (6 damage)
             ... in an ossuary.
             The game lasted 00:07:38 (2912 turns).

hexaflexagon the Cudgeler (Formicid Monk)           Turns: 2912, Time: 00:07:38

Health: -3/76      AC: 23    Str: 17    XL:     6   Next: 54%
Magic:  9/9        EV:  2    Int: 10    God:    Okawaru [**....]
Gold:   246        SH:  0    Dex: 15    Spells: 5/5 levels left

rFire    . . .     SeeInvis .   a - +0 mace
rCold    + . .     Gourm    .   (no shield)
rNeg     + + +     Faith    .   (armour currently unavailable)
rPois    +         Spirit   .   (helmet unavailable)
rElec    .         Reflect  .   (cloak currently unavailable)
rCorr    .         Harm     .   (gloves currently unavailable)
MR       .....                  (boots currently unavailable)
Stlth    ++........             (no amulet)
HPRegen  0.22/turn              v - +2 ring of dexterity
MPRegen  0.11/turn              x - ring of protection from cold

@: tree-form
A: permanent stasis, dig shafts and tunnels, four strong arms, robust 1
a: Heroism, Renounce Religion


You were in an ossuary.
You worshipped Okawaru.
Okawaru was pleased with you.
You were not hungry.
You were a tree.
You visited 1 branch of the dungeon, and saw 5 of its levels.
You also visited: Ossuary.

You collected 246 gold pieces.

Inventory:

Hand Weapons
 a - a +0 mace (weapon)
Missiles
 p - a throwing net (quivered)
Armour
 b - a +0 robe
 q - a +0 scale mail (melded)
Jewellery
 v - a +2 ring of dexterity (left branch)
 x - a ring of protection from cold (right branch)
 y - a +5 ring of intelligence
Scrolls
 d - a scroll of remove curse
 e - 3 scrolls of identify
 g - a scroll of blinking
 k - a scroll of amnesia {unknown}
 l - 2 scrolls of teleportation
 n - a scroll of fear {unknown}
 r - a scroll of immolation {unknown}
Potions
 f - a potion of degeneration
Comestibles
 c - 2 bread rations
 h - 2 chunks of flesh
 u - a royal jelly


   Skills:
 - Level 3.2 Fighting
 + Level 5.3 Maces & Flails
 - Level 2.6 Dodging
 - Level 2.4 Stealth
 * Level 4.8 Invocations


You had 5 spell levels left.
You didn't know any spells.

Dungeon Overview and Level Annotations

Branches:
Dungeon (5/15)
 Temple: D:4-7

Altars:
Elyvilon
Okawaru
Uskayaw
Wu Jian

Shops:
D:5 %:(

Annotations:
D:2 Sigmund Ossuary Azzok's ghost, amateur HOFE


Innate Abilities, Weirdness & Mutations

You cannot be hasted, slowed, berserked, paralysed or teleported.
You can dig through walls and to a lower floor.
Your four strong arms can wield two-handed weapons with a shield.
((You have a pair of large antennae on your head. (SInv)))
((Your flesh is cold resistant. (rC+)))
((Your system is resistant to poisons. (rPois)))
You are robust. (+10% HP)


Message History

* * * LOW HITPOINT WARNING * * *
The kobold zombie hits you but does no damage.
The hobgoblin zombie barely misses you.
You hit Azzok's ghost but do no damage.
Azzok's ghost is almost destroyed.
Azzok's ghost hits you but does no damage.
The kobold zombie hits you but does no damage.
The hobgoblin zombie barely misses you.
You hit Azzok's ghost but do no damage.
Azzok's ghost is almost destroyed.
Azzok's ghost hits you but does no damage.
The kobold zombie hits you but does no damage.
The kobold zombie barely misses you.
The hobgoblin zombie hits you but does no damage.
Azzok's ghost hits you but does no damage.
You hit Azzok's ghost but do no damage.
Azzok's ghost is almost destroyed.
The kobold zombie hits you but does no damage.
Azzok's ghost hits you.
You die...

#...# {{{ #...#
{{ .... #...#{
.... #...# { ...
#...#{ ..# #...#
{ ..# #...# { ..#
#...######Z.#####
#......♣WZZ......
#.....ZZZ8..8....
#......ZZZ.......
#................
#################


You could see Azzok's ghost, 2 hobgoblin zombies, 3 kobold zombies, 2 orc
zombies and 2 centaur zombies.

Vanquished Creatures
  A sky beast (D:5)
  A bullfrog (D:5)
  2 worker ants (D:5)
  3 adders (D:2)
  A worm (D:2)
  2 dart slugs
  2 leopard geckos
  2 giant cockroaches (D:2)
  8 goblins
  4 hobgoblins
  3 quokkas
  3 bats
  A frilled lizard (D:3)
  2 hobgoblin zombies (Ossuary)
  3 kobolds (D:1)
  6 kobold zombies (Ossuary)
  4 orc zombies (Ossuary)
  7 rats
55 creatures vanquished.

Notes
Turn   | Place    | Note
-------+----------+-------------------------------------------
     0 | D:1      | hexaflexagon the Formicid Monk began the quest for the Orb.
     0 | D:1      | Reached XP level 1. HP: 18/18 MP: 1/1
   242 | D:1      | Reached XP level 2. HP: 24/24 MP: 2/2
  1070 | D:2      | Reached skill level 4 in Maces & Flails
  1070 | D:2      | Reached XP level 3. HP: 29/29 MP: 3/3
  1334 | D:2      | Found an iron altar of Okawaru.
  1343 | D:2      | Became a worshipper of Warmaster Okawaru
  1343 | D:2      | Reached * piety under Okawaru
  1343 | D:2      | Reached ** piety under Okawaru
  1355 | D:2      | Reached XP level 4. HP: 26/35 MP: 4/4
  1447 | D:2      | Reached skill level 1 in Invocations
  1518 | D:2      | Found a white marble altar of Elyvilon.
  2026 | D:3      | Found an ornate altar of the Wu Jian Council.
  2218 | D:3      | Found a hide-covered altar of Uskayaw.
  2317 | D:3      | Noticed Sigmund
  2403 | D:2      | You fall through a shaft for 2 floors!
  2409 | D:5      | Entered Level 5 of the Dungeon
  2409 | D:5      | Found Ytwedaqi's Antique Weapon Shoppe.
  2421 | D:5      | Found Egietuw's Book Shop.
  2471 | D:5      | Found Waploce's Food Shoppe.
  2506 | D:5      | Noticed a sky beast
  2506 | D:5      | Found a sand-covered staircase.
  2536 | D:5      | Reached XP level 5. HP: 24/41 MP: 3/7
  2549 | D:5      | Gained mutation: Your system is resistant to poisons. (rPois) [potion of mutation]
  2549 | D:5      | Gained mutation: You are robust. (+10% HP) [potion of mutation]
  2549 | D:5      | Gained mutation: Your flesh is cold resistant. (rC+) [potion of mutation]
  2563 | D:5      | Killed a sky beast
  2563 | D:5      | Reached skill level 5 in Maces & Flails
  2563 | D:5      | Reached XP level 6. HP: 28/51 MP: 7/9
  2747 | Ossuary  | Entered an ossuary
  2872 | Ossuary  | Noticed Azzok's ghost (amateur HOFE)
  2909 | Ossuary  | HP: 2/76 [Azzok's ghost (7)]
  2912 | Ossuary  | Slain by Azzok's ghost

Vault maps used:
D:1:      elethiomel_arrival_diamonds, minmay_misc_feat_doors,
          nrook_loot_triangle
D:2:      old_standard_altar, nrook_mini_vaults, okawaru_ov_weapons_minmay
D:3:      old_standard_altar, nicolae_overflow_crystal_walls, uniq_sigmund
D:4:      first_bread, minmay_misc_feat_pillars
D:5:      kennysheep_six_static_rooms, grunt_temple_overflow_gold_and_silver,
          serial_shops, nicolae_shop_overgrown_old_shop, shop_coins,
          shop_fountains, shop_statue, nicolae_ossuary_entry_monument,
          uniq_menkaure, uniq_duvessa
Ossuary:  ossuary_tomb_1

Skill      XL: |  1  2  3  4  5 |
---------------+----------------+-----
Maces & Flails | 4 5 |  5.3
Invocations    | 3 4 |  4.8
Fighting       | |  3.2
Dodging        | |  2.6
Stealth        | |  2.4

Action                   |  1- 3 |  4- 6 || total
-------------------------+-------+-------++-------
Melee: Mace              |    76 |   169 ||   245
       Punch             |       |     3 ||     3
Throw: Throwing net      |       |     1 ||     1
Invok: Heroism           |       |     4 ||     4
 Abil: Dig               |       |     3 ||     3
       Shaft Self        |       |     1 ||     1
  Use: Potion            |     1 |     8 ||     9
       Scroll            |       |     5 ||     5
 Stab: Sleeping          |     6 |     2 ||     8
  Eat: Chunk             |     1 |     5 ||     6
       Fruit             |       |     2 ||     2
Armor: Robe              |    22 |     6 ||    28
       Scale mail        |       |    29 ||    29
       Skin              |       |    67 ||    67
Dodge: Dodged            |    47 |    92 ||   139

Table legend:
 A = Spawn XP
 B = Non-spawn XP
 C = Spawn XP percentage of total XP
 D = Spawn monster count
 E = Non-spawn monster count
 F = Spawn count percentage of total count
 G = Total turns spent on level
                    A         B        C        D         E        F      G
               +---------+---------+-------+---------+---------+-------+---------
         Total |       0 |     406 |   0.0 |       0 |      55 |   0.0 |  2912
               +---------+---------+-------+---------+---------+-------+---------
           D:1 |       0 |      28 |   0.0 |       0 |      17 |   0.0 |  1051
           D:2 |       0 |      62 |   0.0 |       0 |      15 |   0.0 |   977
           D:3 |       0 |      12 |   0.0 |       0 |       6 |   0.0 |   375
           D:5 |       0 |     292 |   0.0 |       0 |       5 |   0.0 |   338
       Ossuary |       0 |      12 |   0.0 |       0 |      12 |   0.0 |   165
               +---------+---------+-------+---------+---------+-------+---------
